 Dungeon Crawl Stone Soup version 0.27-a0-604-g29a88b33a7 (webtiles) character file.

Game seed: 16193441738170444884

3336 osuadh the Insei (level 9, -23/68 HPs)
             Began as a Demonspawn Hedge Wizard on Mar 13, 2021.
             Was a Believer of Qazlal.
             Annihilated by a two-headed ogre
             ... wielding a +0 giant club
              (27 damage)
             ... on level 8 of the Dungeon.
             The game lasted 00:48:26 (18587 turns).

osuadh the Insei (Demonspawn Hedge Wizard)         Turns: 18587, Time: 00:48:27

Health: -23/68     AC:  3    Str: 11    XL:     9   Next: 72%
Magic:  5/17       EV: 12    Int: 21    God:    Qazlal [**....]
Gold:   449        SH:  7    Dex: 12    Spells: 8/19 levels left

rFire    . . .     SeeInvis .     - Unarmed
rCold    . . .     Faith    .   (no shield)
rNeg     . . .     Spirit   .   b - +0 robe
rPois    .         Reflect  +   c - +0 hat
rElec    .         Harm     .   (no cloak)
rCorr    .         Rampage  .   (gloves unavailable)
Will     .....                  p - +0 pair of boots
Stlth    ++........             z - amulet of reflection
HPRegen  0.21/turn              (no ring)
MPRegen  0.15/turn              (no ring)

@: no status effects
A: claws 3, foul stench 1, big brain 1
a: Renounce Religion, Upheaval


You were on level 8 of the Dungeon.
You worshipped Qazlal.
Qazlal was pleased with you.
You visited 2 branches of the dungeon, and saw 9 of its levels.

You collected 534 gold pieces.
You spent 85 gold pieces at shops.

Inventory:

Hand Weapons
 a - a +0 dagger
 l - a +0 hunting sling
 n - a +1 hand axe of draining
 s - a +0 spear
Missiles
 d - 209 stones
 x - 3 throwing nets
Armour
 b - a +0 robe (worn)
 c - a +0 hat (worn)
 p - a +0 pair of boots (worn)
 w - the +2 leather armour of Generosity {rElec Will+ Str+4 Dex+2}
   (You found it on level 4 of the Dungeon)

   It affects your strength (+4).
   It affects your dexterity (+2).
   It insulates you from electricity.
   It affects your willpower, your defense against some magical effects.
 y - a +0 pair of gloves
Jewellery
 u - an amulet of regeneration
 z - an amulet of reflection (around neck)
 B - an amulet of guardian spirit
Wands
 v - a wand of random effects (18)
 K - a wand of paralysis (7)
Scrolls
 e - 2 scrolls of enchant armour
 h - a scroll of fear
 i - 6 scrolls of teleportation
 j - 2 scrolls of amnesia {unknown}
 k - a scroll of enchant weapon {unknown}
 m - 3 scrolls of fog {unknown}
 o - a scroll of magic mapping
 q - a scroll of immolation
 A - a scroll of blinking {unknown}
 F - a scroll of brand weapon {unknown}
 H - a scroll of identify
 J - a scroll of noise {unknown}
Potions
 f - a potion of brilliance
 g - a potion of magic
 r - 3 potions of flight
 t - 2 potions of berserk rage
 C - a potion of might {unknown}
 D - 2 potions of ambrosia {unknown}
 E - a potion of attraction {unknown}
 G - a potion of curing
 I - a potion of invisibility {unknown}
 L - a potion of cancellation {unknown}
 M - a potion of heal wounds {unknown}


   Skills:
 + Level 5.4 Fighting
 - Level 1.7 Dodging
 - Level 1.7 Stealth
 - Level 7.1 Unarmed Combat
 - Level 5.8 Spellcasting
 - Level 5.6 Conjurations
 - Level 3.0 Summonings
 - Level 0.8 Translocations
 - Level 3.0 Air Magic
 - Level 3.1 Poison Magic


You had 8 spell levels left.
You knew the following spells:

 Your Spells              Type           Power      Damage    Failure   Level
a - Magic Dart            Conj           100%       1d8       1%          1
b - Call Imp              Summ           19%        N/A       4%          2
c - Blink                 Tloc           N/A        N/A       11%         2
d - Mephitic Cloud        Conj/Pois/Air  22%        N/A       6%          3
e - Conjure Flame         Conj/Fire      17%        6-21      10%         3

Your spell library contained the following spells:

 Spells                   Type           Power      Damage    Failure   Level
 Summon Small Mammal      Summ           76%        N/A       2%          1
 Apportation              Tloc           18%        N/A       7%          1
 Animate Skeleton         Necr           12%        N/A       10%         1
 Corona                   Hex            6%         N/A       10%         1
 Slow                     Hex            6%         N/A       16%         2


Dungeon Overview and Level Annotations

Branches:
Dungeon (8/15)             Temple (1/1) D:6
   Lair: D:8-11

Altars:
Ashenzari
Cheibriados
Dithmenos
Elyvilon
Fedhas
Gozag
Hepliaklqana
Kikubaaqudgha
Makhleb
Nemelex Xobeh
Okawaru
Qazlal
Ru
Sif Muna
Trog
Vehumet
Wu Jian
Xom
Yredelemnul
The Shining One

Shops:
D:7 *

Annotations:
D:4 exclusion: ogre
D:5 2 runed translucent doors, exclusion: downstairs, bilbop's ghost, novice TrBe
D:6 Maggie


Innate Abilities, Weirdness & Mutations

You have claws for hands.
You may rarely emit foul miasma when damaged in melee.
You have an unusually large brain. (Int +2)


Message History

You swap places.
The bullfrog is engulfed in noxious fumes.
The two-headed ogre is engulfed in noxious fumes.
The two-headed ogre appears confused.
The two-headed ogre cries.
The bullfrog is engulfed in noxious fumes.
The bullfrog appears confused.
The bullfrog misses your white imp.
You catch the helpless two-headed ogre completely off-guard!
You scratch the two-headed ogre but do no damage.
The two-headed ogre is moderately wounded.
The bullfrog is engulfed in noxious fumes.
The bullfrog appears confused.
An orc comes into view. It is wielding a +0 trident.
An orc comes into view. It is wielding a +0 mace.
Your white imp hits the two-headed ogre.
Your white imp freezes the two-headed ogre.
The two-headed ogre hits you with a +0 giant club!
The two-headed ogre closely misses you.
Your crimson imp blinks!
You barely miss the two-headed ogre.
The two-headed ogre is moderately wounded.
Unknown command.
You claw the two-headed ogre!
The two-headed ogre is heavily wounded.
The two-headed ogre hits you with a +0 giant club!!
You emit a cloud of foul miasma!
The two-headed ogre barely misses you.
The bullfrog is engulfed in noxious fumes.
Unknown command.
You catch the helpless two-headed ogre completely off-guard!
You claw the two-headed ogre!
The two-headed ogre is severely wounded.
The bullfrog is engulfed in noxious fumes.
The bullfrog appears confused.
Your crimson imp blinks!
The two-headed ogre is engulfed in dark miasma.
The two-headed ogre is poisoned.
The two-headed ogre seems to slow down.
The two-headed ogre hits you with a +0 giant club!!
* * * LOW HITPOINT WARNING * * *
The two-headed ogre hits you with a +0 giant club!!
You die...

...####...........#
#....##### .###
#...........#
#.#### ##
#...........# ### #
##..........#
#..........#
##.........#
#.........#
##........#
#....F.@§#
#...○°5O.#
##...○5o.#
#..°....# ##°5.....
.oo.....§#
..........#
..........#


You could see a two-headed ogre (confused, poisoned, slow, ally target), a
bullfrog (confused), 3 orcs, a friendly iron imp (summoned), a friendly crimson
imp (summoned) and a friendly white imp (summoned).

Vanquished Creatures
  Pikel (D:5)
  A wyvern (D:6)
  Eustachio (D:6)
  Duvessa (D:7)
  An orc warrior (D:6)
  2 ice beasts
  2 black bears
  An ogre (D:5)
  A centaur (D:8)
  3 lemures (D:5)
  A phantom (D:8)
  A bullfrog (D:6)
  2 scorpions
  Dowan (D:7)
  A water moccasin skeleton (D:4)
  7 killer bees
  A jelly (D:5)
  2 wights
  3 bullfrog zombies
  2 hounds
  Crazy Yiuf (D:7)
  A gnoll shaman (D:6)
  3 bullfrog skeletons
  An iguana (D:6)
  3 orc priests (D:5)
  3 orc wizards
  3 worker ants
  A hound zombie (D:6)
  A mummy (D:5)
  A hound skeleton (D:4)
  A worker ant zombie (D:7)
  3 gnolls
  7 adders
  2 shadow imps (D:8)
  An ufetubus (D:6)
  An adder skeleton (D:8)
  3 worms (D:2)
  5 dart slugs
  6 leopard geckos
  13 orcs
  6 bats
  5 giant cockroaches
  9 goblins
  6 hobgoblins
  5 jackals
  A quokka (D:4)
  5 frilled lizards
  A goblin zombie (D:5)
  A hobgoblin zombie (D:5)
  5 kobolds
  A leopard gecko skeleton (D:4)
  A leopard gecko zombie (D:5)
  A quokka skeleton (D:4)
  13 rats
155 creatures vanquished.

Vanquished Creatures (collateral kills)
  A water moccasin (D:6)
  An ogre (D:4)
  A centaur (D:6)
  A lemure (D:5)
  A phantom (D:5)
  A killer bee (D:7)
  2 wights
  2 howler monkeys
  A hound (D:5)
  A jelly (D:5)
  3 worker ants
  3 gnolls
  4 adders
  A shadow imp (D:2)
  An ufetubus (D:5)
  An adder zombie (D:5)
  A worm (D:1)
  An orc (D:2)
  A ball python (D:5)
  A giant cockroach (D:3)
  2 goblins (D:1)
  3 hobgoblins
  3 jackals
  A rat (D:1)
38 creatures vanquished.

Grand Total: 193 creatures vanquished

Notes
Turn   | Place    | Note
-------+----------+-------------------------------------------
     0 | D:1      | osuadh the Demonspawn Hedge Wizard began the quest for the
                  | Orb.
     0 | D:1      | Reached XP level 1. HP: 13/13 MP: 4/4
    87 | D:1      | Reached skill level 1 in Fighting
   378 | D:1      | Gained mutation: You have sharp fingernails. [demonic
                  | ancestry]
   378 | D:1      | Reached XP level 2. HP: 22/22 MP: 0/6
   815 | D:1      | Learned a level 2 spell: Call Imp
  1239 | D:1      | Gained mutation: You may rarely emit foul miasma when
                  | damaged in melee. [demonic ancestry]
  1239 | D:1      | Reached XP level 3. HP: 28/28 MP: 4/7
  2218 | D:2      | Found a radiant altar of Vehumet.
  2558 | D:1      | HP: 1/28 [worm (9)]
  2872 | D:1      | Reached XP level 4. HP: 34/34 MP: 2/8
  4234 | D:2      | Found a snail-covered altar of Cheibriados.
  4341 | D:2      | Learned a level 2 spell: Blink
  4345 | D:2      | Learned a level 3 spell: Mephitic Cloud
  5783 | D:3      | Reached skill level 1 in Poison Magic
  6259 | D:3      | Found a stormy altar of Qazlal.
  6336 | D:3      | Became a worshipper of Qazlal Stormbringer
  6467 | D:3      | Reached skill level 1 in Air Magic
  6467 | D:3      | Reached XP level 5. HP: 19/39 MP: 3/9
  7029 | D:4      | Identified the +2 leather armour of Generosity {rElec Will+
                  | Str+4 Dex+2}
  7400 | D:4      | Noticed an ogre
  8059 | D:5      | Entered Level 5 of the Dungeon
  8132 | D:5      | Reached XP level 6. HP: 45/45 MP: 7/10
  8291 | D:5      | Noticed an ice beast
  8297 | D:5      | Reached skill level 5 in Conjurations
  8828 | D:4      | Gained mutation: You have an unusually large brain. (Int
                  | +2) [demonic ancestry]
  8828 | D:4      | Reached XP level 7. HP: 31/51 MP: 2/11
  9120 | D:5      | Reached * piety under Qazlal
 10070 | D:5      | Found a runed translucent door.
 10075 | D:5      | Noticed bilbop's ghost (novice TrBe)
 10730 | D:5      | Found a runed translucent door.
 11494 | D:5      | Learned a level 3 spell: Conjure Flame
 11571 | D:6      | Noticed Pikel
 12588 | D:5      | Killed Pikel
 12589 | D:5      | Reached skill level 5 in Spellcasting
 12589 | D:5      | Gained mutation: You have very sharp fingernails. [demonic
                  | ancestry]
 12589 | D:5      | Reached XP level 8. HP: 57/57 MP: 1/16
 12725 | D:5      | Reached skill level 1 in Unarmed Combat
 12807 | D:6      | Reached skill level 2 in Unarmed Combat
 12827 | D:6      | Noticed Maggie
 12879 | D:5      | Reached skill level 3 in Unarmed Combat
 13104 | D:7      | Reached skill level 4 in Unarmed Combat
 13279 | D:7      | Found Vionlokh's Assorted Antiques.
 13282 | D:7      | Bought a brown potion for 27 gold pieces
 13282 | D:7      | Bought a lumpy pink potion for 27 gold pieces
 13282 | D:7      | Bought a scroll labelled COOFOTEBUNY for 31 gold pieces
 13353 | D:7      | Found a runed translucent door.
 13354 | D:7      | Noticed Crazy Yiuf
 13668 | D:7      | Noticed Dowan
 13694 | D:7      | Killed Dowan
 14237 | D:6      | Reached skill level 5 in Unarmed Combat
 14237 | D:6      | Gained mutation: You have claws for hands. [demonic
                  | ancestry]
 14237 | D:6      | Reached XP level 9. HP: 58/59 MP: 15/17
 14572 | D:6      | Noticed Eustachio
 14620 | D:6      | Killed Eustachio
 14621 | D:6      | Reached skill level 6 in Unarmed Combat
 14665 | D:6      | Found a staircase to the Ecumenical Temple.
 14794 | Temple   | Entered the Ecumenical Temple
 14923 | D:6      | Found a sacrificial altar of Ru.
 16212 | D:6      | Reached skill level 7 in Unarmed Combat
 16426 | D:6      | Found a bloodstained altar of Trog.
 17037 | D:7      | Found a shimmering altar of Xom.
 17040 | D:7      | Found a broken altar of Ashenzari.
 17316 | D:7      | Noticed Duvessa
 17352 | D:7      | Killed Duvessa
 17621 | D:7      | Killed Crazy Yiuf
 17828 | D:8      | Noticed a two-headed ogre
 18263 | D:8      | Reached skill level 5 in Fighting
 18444 | D:8      | Reached ** piety under Qazlal
 18492 | D:8      | Found a blossoming altar of Fedhas.
 18587 | D:8      | Annihilated by a two-headed ogre

Illustrated notes

Levels and vault maps discovered:
D:1:      saegor_arrival_simple_a, layout_basic
D:2:      layout_basic, general_overflow_altar, nicolae_vehumet_radiance,
          kennysheep_generic_room_9
D:3:      layout_loops_ring, grunt_qazlal_clouds
D:4:      layout_loops_ring, minmay_between
D:5:      minmay_octagon_keep, layout_basic, nicolae_ossuary_entry_giza,
          ebering_ghost_sewer_f, minmay_misc_feat_secret_circle,
          minmay_fractal_squares_5
D:6:      layout_layer_cave, marbit_many_paths, kennysheep_mini_moat,
          minmay_temple_entry_ruins, kennysheep_path_1, minmay_alternating_orb,
          uniq_eustachio, uniq_pikel, uniq_maggie
D:7:      layout_basic, nicolae_overflow_hidden_temple, serial_shops,
          kennysheep_mini, corexii_mini_fake_secret_closet, lemuel_old_faithful,
          uniq_duvessa, uniq_crazy_yiuf_cottage
D:8:      layout_cave_pods, overflow_temple_1_default
Temple:   nicolae_temple_hex_pool

Skill      XL: |  1  2  3  4  5  6  7  8  9 |
---------------+----------------------------+-----
Fighting       | 1 2 5 |  5.4
Summonings     | 2 3 |  3.0
Poison Magic   | 1 3 |  3.1
Air Magic      | 1 3 |  3.0
Conjurations   | 3 5 |  5.6
Spellcasting   | 5 |  5.8
Unarmed Combat | 5 7 |  7.1
Dodging        | |  1.7
Stealth        | |  1.7
Translocations | |  0.8

Action                   |  1- 3 |  4- 6 |  7- 9 || total
-------------------------+-------+-------+-------++-------
Melee: Dagger            |    13 |    13 |       ||    26
       Unarmed           |    58 |    58 |   196 ||   312
       Hand axe          |       |    68 |   108 ||   176
       Spear             |       |       |    30 ||    30
       Punch             |       |       |     3 ||     3
 Fire: Hunting sling     |       |     3 |     5 ||     8
 Cast: Magic Dart        |    86 |    82 |   114 ||   282
       Call Imp          |     8 |    45 |    90 ||   143
       Blink             |       |     2 |     4 ||     6
       Mephitic Cloud    |       |     1 |    35 ||    36
       Conjure Flame     |       |       |     4 ||     4
  Use: Scroll            |       |     8 |     3 ||    11
       Potion            |       |     1 |       ||     1
 Stab: Sleeping          |     1 |       |       ||     1
       Distracted        |       |     1 |     1 ||     2
       Confused          |       |       |    12 ||    12
Armor: Robe              |    17 |    29 |    52 ||    98
Dodge: Dodged            |    72 |   126 |   209 ||   407
Block: Other             |       |       |    51 ||    51

Table legend: (Time is in decaauts)
 A = Elapsed time spent in this place.
 B = Non-inter-level travel time spent in this place.
 C = Inter-level travel time spent in this place.
 D = Time resting spent in this place.
 E = Time spent auto-exploring this place.
 F = Levels seen in this place.
 G = Mean time per level.
                   A        B        C        D        E       F      G
               +--------+--------+--------+--------+--------+-----+--------+
         Total |  18652 |  17777 |    875 |   6728 |   7141 |   9 | 2072.4 |
       Dungeon |  18547 |  17691 |    856 |   6728 |   7057 |   8 | 2318.4 |
        Temple |    104 |     85 |     19 |      0 |     84 |   1 |  104.0 |
               +--------+--------+--------+--------+--------+-----+--------+

Top non-repeatable levels by time:
     D:5: 4180 daAuts
     D:6: 2898 daAuts
     D:2: 2815 daAuts
     D:1: 2424 daAuts
     D:4: 2187 daAuts
     D:7: 1607 daAuts
     D:3: 1526 daAuts
     D:8: 906 daAuts
  Temple: 104 daAuts
